 Dungeon Crawl Stone Soup version 0.30.0-30-g96aa6591b8 (webtiles) character file.

Game seed: 3991268124318807203

282 javelincjr the Magician (level 6, -4/46 HPs)
             Began as a Djinni Summoner on June 23, 2023.
             Slain by a gnoll
             ... wielding a +0 flail
              (9 damage)
             ... on level 4 of the Dungeon on June 26, 2023.
             The game lasted 00:15:17 (3294 turns).

javelincjr the Magician (Djinni Summoner)           Turns: 3294, Time: 00:15:18

Health: -4/46      AC:  2    Str:  7    XL:     6   Next: 54%
Gold:   173        EV: 13    Int: 19    God:
                   SH:  0    Dex: 13

rFire   + + .        h - +0 hand axe
rCold   . . .        (no shield)
rNeg    + . .        a - +0 robe
rPois   ∞            (no helmet)
rElec   .            (no cloak)
rCorr   .            (no gloves)
SInv    .            (boots unavailable)
Will    .....        (no amulet)
Stlth   ++           e - ring of positive energy
HPRegen 0.27/turn    y - ring of protection from cold
MPRegen 0.00/turn

%: infuse magic (-5 HP)
@: flying
A: sickness immunity, fire resistance 2, cold vulnerability 1, float, innate
caster, HP casting, extra vitality 1
a: no special abilities


You were on level 4 of the Dungeon.
You visited 1 branch of the dungeon, and saw 4 of its levels.

You collected 173 gold pieces.

Inventory:

Hand Weapons
 c - a +0 mace
 h - a +0 hand axe (weapon)
 k - a +0 mace of distortion
Armour
 a - a +0 robe (worn)
 q - a +0 kite shield
Magical Staves
 j - a staff of conjuration
Jewellery
 e - a ring of positive energy (left hand)
 y - a ring of protection from cold (right hand)
Scrolls
 g - a scroll of vulnerability {unknown}
 i - a scroll of blinking {unknown}
 l - 2 scrolls of teleportation {unknown}
 p - a scroll of fog {unknown}
 r - 2 scrolls of identify {unknown}
 t - 2 scrolls of fear {unknown}
 u - a scroll of enchant weapon {unknown}
 x - a scroll of magic mapping {unknown}
Potions
 b - 4 potions of curing {unknown}
 d - 2 potions of lignification {unknown}
 f - a potion of flight {unknown}
 m - a potion of cancellation {unknown}
 n - a potion of haste {unknown}
 o - a potion of degeneration {unknown}
 s - a potion of mutation {unknown}
 v - a potion of resistance {unknown}
 w - a potion of berserk rage {unknown}


   Skills:
 * Level 3.0 Fighting
 + Level 3.4 Dodging
 + Level 2.7 Stealth
 + Level 1.2 Shields
 * Level 4.1 Spellcasting


You knew the following spells:

 Your Spells              Type           Power      Damage    Failure   Level
a - Summon Small Mammal   Summ           76%        N/A       2%          1
b - Call Imp              Summ           38%        N/A       3%          2
c - Call Canine Familiar  Summ           19%        N/A       8%          3
d - Summon Guardian Gole  Hex/Summ       19%        N/A       8%          3
e - Summon Lightning Spi  Summ/Air       19%        N/A       24%         4
f - Slow                  Hex            76%        N/A       2%          1
g - Wereblood             Tmut           19%        N/A       3%          2
Your spell library was empty.

Dungeon Overview and Level Annotations

Branches:
Dungeon (4/15)
 Temple: D:4-7

Altars:


Innate Abilities, Weirdness & Mutations

You are immune to sickness and miasma.
You are immune to poison.
Your flesh is very heat resistant. (rF++)
You are vulnerable to cold. (rC-)
You float through the air rather than walking.
You learn spells naturally, not from books.
Your magical power is your life essence.
You have superior vitality. (+4 MHP)


Message History

The endoplasm completely misses your cerulean imp.
Your cerulean imp hits the endoplasm but does no damage.
The endoplasm closely misses your cerulean imp.
Your cerulean imp hits the endoplasm with a -3 spear.
The endoplasm freezes your cerulean imp.
Your cerulean imp is frozen.
Your cerulean imp hits the endoplasm with a -3 spear.
The endoplasm dies!
The gnoll closely misses you. The gnoll closely misses you.
The gnoll hits you from afar with a +0 spear!
Something barely misses your cerulean imp.
Something hits your cerulean imp.
Something closely misses your cerulean imp.
The gnoll hits you from afar with a +0 spear!
The gnoll misses you.
You swap places.
The gnoll shouts!
The gnoll barely misses you.
You hit the gnoll but do no damage. The gnoll closely misses you.
You hit the gnoll but do no damage. You hit the gnoll.
The gnoll hits you with a +0 spear. The gnoll hits you with a +0 flail.
The gnoll closely misses you. The gnoll barely misses you.
You are too injured to fight recklessly!
You hit the gnoll. You punch the gnoll, but do no damage.
The gnoll is moderately wounded.
You hit the gnoll but do no damage. The gnoll hits you with a +0 spear!
The gnoll hits you with a +0 flail!
* * * LOW HITPOINT WARNING * * *
Your cerulean imp barely misses the gnoll.
The gnoll completely misses you. The gnoll attacks as you move away!
The gnoll barely misses you.
The gnoll hits your cerulean imp with a +0 flail!
Your cerulean imp dies!
Your cerulean imp disappears in a puff of smoke!
Casting: Call Imp (safe; 3% risk of failure)
Confirm with . or Enter, or press ? or * to list all spells.
* * * LOW HITPOINT WARNING * * *
The gnoll attacks as you move away! The gnoll hits you with a +0 flail!
You die...

###...# .. ..#...#
.# #.#...###..#
#.#.....#...
#.#....... #b#.[.§.#
#.#...gg#
#@#..§5.######### #.
#g#.#...........# ..
#.#g#.#########.# #.
#g#.#J#########.#
#.##...#.##........#
#..#####...........#
......+...........#
##...##...........#
#.................#


You could see 2 gnolls and a friendly bat (summoned).

Vanquished Creatures
  A scorpion (D:4)
  4 adders
  2 orcs (D:4)
  5 ball pythons
  2 bats
  2 goblins
  A hobgoblin (D:3)
  2 jackals (D:2)
  2 kobolds (D:1)
  5 frilled lizards
  A rat (D:2)
27 creatures vanquished.

Vanquished Creatures (collateral kills)
  An orc priest (D:4)
  A nameless horror (D:2)
  5 gnolls (D:4)
  4 adders
  2 dart slugs (D:2)
  An orc (D:4)
  An endoplasm (D:4)
  3 giant cockroaches
  4 goblins
  4 hobgoblins
  7 jackals (D:2)
  A quokka (D:1)
  2 ball pythons (D:3)
  A frilled lizard (D:2)
  3 kobolds
  4 rats
44 creatures vanquished.

Grand Total: 71 creatures vanquished

Notes
Turn   | Place    | Note
-------+----------+-------------------------------------------
     0 | D:1      | javelincjr the Djinni Summoner began the quest for the Orb.
     0 | D:1      | javelincjr set off with the following spells memorised:
                  | Summon Small Mammal, Call Imp, Call Canine Familiar, Summon
                  | Guardian Golem, Summon Lightning Spire.
     0 | D:1      | Reached XP level 1. HP: 15/15 MP: 0/0
     0 | D:1      | Upgraded the game from 0.30.0-29-ga12c61a403 to
                  | 0.30.0-30-g96aa6591b8
   214 | D:1      | Reached XP level 2. HP: 21/21 MP: 0/0
   851 | D:2      | Reached skill level 1 in Fighting
   851 | D:2      | Reached XP level 3. HP: 21/27 MP: 0/0
   851 | D:2      | Learned a level 1 spell: Slow
   972 | D:2      | Reached XP level 4. HP: 32/32 MP: 0/0
  1214 | D:2      | Noticed a nameless horror
  1250 | D:2      | Killed a nameless horror
  1767 | D:2      | Reached XP level 5. HP: 34/38 MP: 0/0
  1767 | D:2      | Learned a level 2 spell: Wereblood
  3071 | D:4      | Reached skill level 4 in Spellcasting
  3076 | D:4      | Reached XP level 6. HP: 19/45 MP: 0/0
  3216 | D:4      | Reached skill level 1 in Shields
  3294 | D:4      | Slain by a gnoll

Illustrated notes

Levels and vault maps discovered:
D:1:      dpeg_arrival_erosion, layout_basic, minmay_misc_feat_nine_boxes
D:2:      layout_loops_ring, minmay_distorted
D:3:      layout_basic, mainiacjoe_overflow_alcove_2, st_stairs_3,
          kennysheep_cluttered_room, nicolae_figureground_pulse
D:4:      layout_basic, tso_metal_star, general_overflow_altar, uniq_pikel,
          uniq_blork_the_orc

Skill      XL: |  1  2  3  4  5  6 |
---------------+-------------------+-----
Stealth        | 2 |  2.7
Fighting       | 1 2 3 |  3.0
Dodging        | 3 |  3.4
Spellcasting   | 4 |  4.1
Shields        | 1 |  1.2

Action                     |  1- 3 |  4- 6 || total
---------------------------+-------+-------++-------
  Melee: Mace              |     5 |       ||     5
         Unarmed           |     2 |       ||     2
         Hand axe          |    26 |    92 ||   118
         Punch             |     1 |     2 ||     3
   Cast: Summon Small Mamm |    23 |    30 ||    53
         Call Imp          |     5 |    26 ||    31
         Call Canine Famil |       |     8 ||     8
         Wereblood         |       |     1 ||     1
   Stab: Sleeping          |     1 |     2 ||     3
         Distracted        |       |     2 ||     2
 Armour: Robe              |     5 |    11 ||    16
  Dodge: Dodged            |    40 |    87 ||   127
